 Dungeon Crawl Stone Soup version 0.17.0-18-gaab0e96 (console) character file.

44 gw the Gusty (level 3, -3/28 HPs)
             Began as a Draconian Air Elementalist on Nov 11, 2015.
             Slain by agentgt's ghost (7 damage)
             ... on level 3 of the Dungeon.
             The game lasted 00:05:21 (2754 turns).

gw the Gusty (Draconian Air Elementalist)           Turns: 2754, Time: 00:05:21

Health: -3/28      AC:  6    Str: 10    XL:     3   Next: 39%
Magic:  4/6        EV: 12    Int: 16    God:
Gold:   54         SH:  0    Dex: 11    Spells: 3 memorised, 2 levels left

rFire  . . .     SeeInvis .     b - -3 short sword (curse)
rCold  . . .     Clarity  .     (armour unavailable)
rNeg   . . .     SustAt   .     (no shield)
rPois  .         Gourm    .     (helmet restricted)
rElec  .         Spirit   .     e - +0 cloak
rCorr  .         Warding  .     (no gloves)
rMut   .         Stasis   .     (no boots)
MR     .....                    (no amulet)
Stlth  +.........               (no ring)
                                (no ring)

@: lethally poisoned (-3 -> -10), very slightly contaminated, glowing, repel
missiles, not resistant to hostile enchantments, very unstealthy
A: unfitting armour, cold-blooded, AC +5
a: no special abilities


You were on level 3 of the Dungeon.
You were not hungry.

You visited 1 branch of the dungeon, and saw 3 of its levels.

You collected 54 gold pieces.

Inventory:

Hand Weapons
 b - a cursed -3 short sword (weapon)
Missiles
 d - 43 stones (quivered)
Armour
 e - a +0 cloak (worn)
Books
 a - a book of Air

   Spells                             Type                      Level
   a - Shock                          Conjuration/Air              1
   b - Swiftness                      Charms/Air                   2
   c - Repel Missiles                 Charms/Air                   2
   d - Static Discharge               Conjuration/Air              3
   e - Lightning Bolt                 Conjuration/Air              5
Comestibles
 c - 2 bread rations


   Skills:
 + Level 1.3 Fighting
 + Level 2.1 Dodging
 - Level 1.7 Stealth
 * Level 2.6 Spellcasting
 - Level 1.0 Conjurations
 + Level 3.4 Air Magic


You had 2 spell levels left.
You knew the following spells:

 Your Spells              Type           Power        Failure   Level  Hunger
a - Shock                 Conj/Air       #...         10%         1    #......
b - Swiftness             Chrm/Air       #.......     17%         2    ##.....
c - Repel Missiles        Chrm/Air       #.....       17%         2    ##.....


Dungeon Overview and Level Annotations

Branches:
Dungeon (3/15)

Altars:
Yredelemnul

Annotations:
D:3 agentgt's ghost, weakling TeAM


Innate Abilities, Weirdness & Mutations

Your plain brown scales are hard (AC +5).
Your body does not fit into most forms of armour.
You are cold-blooded and may be slowed by cold attacks.


Message History

You see here a rat corpse.
Unknown command.
Unknown command.
Unknown command.
MOVING TO (-2,6)
A giant gecko comes into view.
The bat hits you. The adder closely misses you.
The giant cockroach closely misses you. The adder bites you but does no damage.
Unknown command.
Unknown command.
Unknown command.
MOVING TO (-2,5)
You feel sick. The bat barely misses you.
The giant cockroach closely misses you.
Unknown command.
Unknown command.
Unknown command.
MOVING TO (-2,4)
You feel sick. The bat hits you but does no damage. Agentgt's ghost hits you!
You die...

##########........
#....$...#...<....
#######.$......#........
...............#...P.P..
......#............._...
......#gSK.........P.P..
....l.S.s...............
.......bWS..............
.......d...........[...S
#####.#.....##..........
#.#....)............
..##................ #.#
#.......#.....#. ..
..............?. ..
..#...........##
..........


You could see agentgt's ghost, 3 adders, a giant gecko, a giant cockroach, a
goblin, a bat and a kobold.

Table legend:
 A = Turns spent in this place as a percentage of turns spent in the entire game.
 B = Non-inter-level travel turns spent in this place as a percentage of non-inter-level travel turns spent in the entire game.
 C = Inter-level travel turns spent in this place as a percentage of turns spent in this place.
 D = Turns resting spent in this place as a percentage of non-inter-level travel turns spent in this place.
 E = Turns spent auto-exploring this place as a percentage of non-inter-level travel turns spent in this place.
 F = Non-inter-level travel turns spent in this place divided by the number of levels of this place that you've seen.
                   A       B       C       D       E      F
               +-------+-------+-------+-------+-------+----------------------
         Total | 100.0 | 100.0 |   0.3 |   2.1 |   2.0 | 1269.7
       Dungeon | 100.0 | 100.0 |   0.3 |   2.1 |   2.0 | 1269.7
               +-------+-------+-------+-------+-------+----------------------

Table legend:
 A = Kills in this place as a percentage of kills in entire the game.
 B = Kills by you in this place as a percentage of kills by you in the entire game.
 C = Kills by friends in this place as a percentage of kills by friends in the entire game.
 D = Other kills in this place as a percentage of other kills in the entire game.
 E = Experience gained in this place as a percentage of experience gained in the entire game.
 F = Experience gained in this place divided by the number of levels of this place that you have seen.
                   A       B       C       D       E      F
               +-------+-------+-------+-------+-------+----------------------
         Total | 100.0 | 100.0 |  -nan |  -nan | 100.0 |  21.0
       Dungeon | 100.0 | 100.0 |  -nan |  -nan | 100.0 |  21.0
               +-------+-------+-------+-------+-------+----------------------

Vanquished Creatures
  3 oozes (D:2)
  2 giant cockroaches
  4 hobgoblins
  A jackal (D:2)
  A quokka (D:2)
  A ball python (D:1)
  4 bats
  4 giant newts
  6 goblins
  4 kobolds
  2 rats
32 creatures vanquished.

Vanquished Creatures (others)
  4 toadstools (D:1)
4 creatures vanquished.

Grand Total: 36 creatures vanquished

Notes
Turn   | Place    | Note
--------------------------------------------------------------
     0 | D:1      | gw the Draconian Air Elementalist began the quest for the Orb.
     0 | D:1      | Reached XP level 1. HP: 14/14 MP: 3/3
   736 | D:1      | Reached XP level 2. HP: 20/22 MP: 1/5
   780 | D:1      | Learned a level 2 spell: Swiftness
   783 | D:1      | Learned a level 2 spell: Repel Missiles
  1883 | D:2      | Reached XP level 3. HP: 27/27 MP: 1/6
  2039 | D:2      | Reached skill level 1 in Fighting
  2735 | D:3      | Found a basalt altar of Yredelemnul.
  2735 | D:3      | Noticed agentgt's ghost (weakling TeAM)
  2754 | D:3      | Slain by agentgt's ghost

Action                   || total
-------------------------++-------
Melee: Unarmed           ||     4
       Short sword       ||     6
Throw: Stone             ||     8
 Cast: Shock             ||    77
       Repel Missiles    ||     2
  Eat: Chunk             ||     6
       Bread ration      ||     1

Vault maps used:
D:1:      ldierk_water_garden, minivault_11
D:2:      first_bread
D:3:      yredelemnul_altar_generic, serial_curves, eino_curves_02,
          eino_curves_01, ecumenical_altar_2, okawaru_gym_becter, uniq_grinder
